 Dungeon Crawl Stone Soup version 0.29-a0-817-g9904bce7a6 (webtiles) character file.

Game seed: 17288360109224108219

189 gobodom the Conjurer (level 5, -5/36 HPs)
             Began as a Demonspawn Conjurer on July 6, 2022.
             Killed from afar by Blork the orc (10 damage)
             ... with a puff of flame
             ... on level 4 of the Dungeon.
             The game lasted 00:12:37 (4270 turns).

gobodom the Conjurer (Demonspawn Conjurer)          Turns: 4270, Time: 00:12:38

Health: -5/36      AC:  3    Str:  9    XL:     5   Next: 40%
Magic:  1/9        EV: 12    Int: 19    God:
Gold:   280        SH:  0    Dex: 12    Spells: 6/10 levels left

rFire   . . .      SeeInvis .     - Unarmed
rCold   . . .      Faith    .   (no shield)
rNeg    + . .      Spirit   .   a - +0 robe
rPois   .          Reflect  .   (no helmet)
rElec   +          Harm     .   (no cloak)
rCorr   .          Rampage  .   i - +0 pair of gloves
Will    .....      Rage     3%  (no boots)
Stlth   ++........              (no amulet)
HPRegen 0.12/turn               f - ring of positive energy
MPRegen 0.11/turn               (no ring)

@: no status effects
A: foul stench 1, demonic touch 1, berserk 1, electricity resistance, MP-powered
wands
a: no special abilities


You were on level 4 of the Dungeon.
You visited 1 branch of the dungeon, and saw 4 of its levels.

You collected 280 gold pieces.

Inventory:

Armour
 a - a +0 robe (worn)
 i - a +0 pair of gloves (worn)
Jewellery
 f - a ring of positive energy (left hand)
Scrolls
 c - 2 scrolls of fear
 g - a scroll of identify
 k - a scroll of blinking {unknown}
 l - a scroll of poison
 o - a scroll of teleportation
 p - a scroll of brand weapon
Potions
 b - 3 potions of magic
 d - a potion of mutation
 e - a potion of brilliance
 h - a potion of invisibility {unknown}
 j - a potion of attraction
 m - 5 potions of heal wounds
 n - a potion of lignification {unknown}


   Skills:
 + Level 0.8 Fighting
 + Level 2.3 Dodging
 + Level 2.3 Stealth
 + Level 1.3 Unarmed Combat
 + Level 3.0 Spellcasting
 + Level 5.2 Conjurations


You had 6 spell levels left.
You knew the following spells:

 Your Spells              Type           Power      Damage    Failure   Level
a - Magic Dart            Conj           88%        1d7       1%          1
b - Searing Ray           Conj           44%        2d6       2%          2
c - Necrotise             Necr           8%         1d4       16%         1

Your spell library contained the following spells:

 Spells                   Type           Power      Damage    Failure   Level
 Apportation              Tloc           4%         N/A       16%         1
 Summon Small Mammal      Summ           8%         N/A       16%         1
 Dazzling Flash           Conj/Hex       24%        N/A       16%         3
 Fulminant Prism          Conj/Hex       6%         3d7       45%         4
 Iskenderun's Mystic Bla  Conj/Tloc      12%        2d5       45%         4


Dungeon Overview and Level Annotations

Branches:
Dungeon (4/15)             Temple (0/1) D:4

Altars:
Ru

Shops:
D:4 *

Annotations:
D:4 Blork the orc


Innate Abilities, Weirdness & Mutations

You may rarely emit foul miasma when damaged in melee.
Your touch may inflict minor irresistible damage on your foes.
You sometimes lose your temper in combat.
You are resistant to electric shocks. (rElec)
You expend magic power (3 MP) to strengthen your wands.


Message History

The searing ray misses Blork the orc.
Blork the orc barely misses you.
A hobgoblin comes into view.
The searing ray misses Blork the orc.
The hobgoblin shouts!
Blork the orc barely misses you.
The searing ray hits Blork the orc!
Blork the orc is severely wounded.
You finish channelling your searing ray.
Blork the orc hits you from afar with a +0 halberd.
Casting: Searing Ray (safe; 2% risk of failure)
Confirm with . or Enter, or press ? or * to list all spells.
Aiming: Searing Ray (safe; 2% risk of failure)
Press: ? - help, Shift-Dir - straight line, f/p - Blork the orc
Aim: Blork the orc, wielding a +0 halberd and wearing a +0 robe (severely wounded, 81% to hit)
The searing ray misses Blork the orc. (Press . to maintain the ray.) Blork the orc hits you from afar with a +0 halberd.
The searing ray misses Blork the orc.
Blork the orc hits you from afar with a +0 halberd.
Blork the orc closely misses you.
You barely miss Blork the orc.
Blork the orc is severely wounded.
Blork the orc casts a spell.
Blork the orc seems to speed up.
You barely miss Blork the orc.
You touch Blork the orc!
Blork the orc is almost dead.
Blork the orc hits you with a +0 halberd.
Blork the orc points at you and mumbles some strange words.
The puff of flame hits you.
You hit Blork the orc.
Blork the orc is almost dead.
Blork the orc looks angry.
Blork the orc hits you with a +0 halberd!
* * * LOW HITPOINT WARNING * * *
The hobgoblin barely misses you.
You barely miss Blork the orc.
Blork the orc is almost dead.
Blork the orc gestures at you while chanting.
The puff of flame hits you!
You die...

# ##............
##.............. .
................ .
#..............
.............
#.........# ..
#=og.....### #.
#@........ #.
##......# ...##.
#.....### ...#..
###.....## #.###.
##........# #.....
#.........# ###..#..
####.......###.#.##..
#.................#..
#.....#..........##..


You could see Blork the orc (fast) and a hobgoblin.

Vanquished Creatures
  An ogre (D:4)
  2 adders
  4 worms
  8 orcs
  5 endoplasms
  4 giant cockroaches
  4 goblins
  3 hobgoblins
  6 jackals
  A quokka (D:2)
  6 ball pythons
  3 bats (D:3)
  5 frilled lizards
  7 kobolds
  6 rats
65 creatures vanquished.

Notes
Turn   | Place    | Note
-------+----------+-------------------------------------------
     0 | D:1      | gobodom the Demonspawn Conjurer began the quest for the
                  | Orb.
     0 | D:1      | Reached XP level 1. HP: 13/13 MP: 3/3
   413 | D:1      | Gained mutation: Your touch may inflict minor irresistible
                  | damage on your foes. [demonic ancestry]
   413 | D:1      | Reached XP level 2. HP: 19/19 MP: 1/5
  1250 | D:2      | Found a faded altar of an unknown god.
  1524 | D:2      | Gained mutation: You may rarely emit foul miasma when
                  | damaged in melee. [demonic ancestry]
  1524 | D:2      | Reached XP level 3. HP: 13/25 MP: 0/6
  2326 | D:3      | Found a sacrificial altar of Ru.
  2971 | D:3      | Reached XP level 4. HP: 31/31 MP: 1/7
  3220 | D:3      | Reached skill level 5 in Conjurations
  3672 | D:4      | Found Xuezido's Assorted Antiques.
  3869 | D:4      | Noticed an ogre
  3889 | D:4      | Killed an ogre
  3890 | D:4      | Reached skill level 1 in Unarmed Combat
  3890 | D:4      | Reached XP level 5. HP: 21/36 MP: 3/9
  4038 | D:4      | Found a staircase to the Ecumenical Temple.
  4045 | D:4      | Gained mutation: You sometimes lose your temper in combat.
                  | [potion of mutation]
  4045 | D:4      | Gained mutation: You are resistant to electric shocks.
                  | (rElec) [potion of mutation]
  4045 | D:4      | Gained mutation: You expend magic power (3 MP) to
                  | strengthen your wands. [potion of mutation]
  4054 | D:4      | Learned a level 2 spell: Searing Ray
  4085 | D:4      | Learned a level 1 spell: Necrotise
  4258 | D:4      | Noticed Blork the orc
  4270 | D:4      | Killed from afar by Blork the orc

Illustrated notes

Levels and vault maps discovered:
D:1:      dpeg_arrival_tiny_d, layout_rooms, reono_crystal_passage
D:2:      layout_rooms, shapermc_ecumenical_altar_mp_urbaneastern
D:3:      layout_basic, mainiacjoe_overflow_six_doors_small,
          nicolae_ru_great_annihilating_truth, cheibrodos_sewer_entry_bend,
          interstate_on_off
D:4:      layout_cave_pools, minmay_temple_entry_tees, serial_shops,
          nicolae_shop_window_shopping, uniq_blork_the_orc

Skill      XL: |  1  2  3  4 |
---------------+-------------+-----
Stealth        | 2 |  2.3
Dodging        | 2 |  2.3
Conjurations   | 5 |  5.2
Unarmed Combat | 1 |  1.3
Spellcasting   | 3 |  3.0
Fighting       | |  0.8

Action                   |  1- 3 |  4- 6 || total
-------------------------+-------+-------++-------
Melee: Unarmed           |    48 |    32 ||    80
       Touch             |     9 |     5 ||    14
       Punch             |     1 |       ||     1
 Cast: Magic Dart        |   106 |    37 ||   143
       Searing Ray       |       |     2 ||     2
  Use: Scroll            |    11 |       ||    11
       Potion            |       |     1 ||     1
 Stab: Sleeping          |       |     1 ||     1
Armor: Robe              |    14 |     4 ||    18
Dodge: Dodged            |    36 |    15 ||    51

Table legend: (Time is in decaauts)
 A = Elapsed time spent in this place.
 B = Non-inter-level travel time spent in this place.
 C = Inter-level travel time spent in this place.
 D = Time resting spent in this place.
 E = Time spent auto-exploring this place.
 F = Levels seen in this place.
 G = Mean time per level.
                   A        B        C        D        E       F      G
               +--------+--------+--------+--------+--------+-----+--------+
         Total |   4278 |   4232 |     46 |    344 |   3244 |   4 | 1069.5 |
       Dungeon |   4278 |   4232 |     46 |    344 |   3244 |   4 | 1069.5 |
               +--------+--------+--------+--------+--------+-----+--------+

Top non-repeatable levels by time:
     D:3: 1584 daAuts
     D:2: 1220 daAuts
     D:1: 819 daAuts
     D:4: 653 daAuts
